 Dungeon Crawl Stone Soup version 0.20-a0-910-gb611367 (webtiles) character file.

650 Gorice the Cutter (level 7, -4/36 HPs)
             Began as a Kobold Enchanter on Mar 24, 2017.
             Killed from afar by an orc wizard (7 damage)
             ... with a magic dart
             ... on level 4 of the Dungeon.
             The game lasted 00:26:10 (6853 turns).

Gorice the Cutter (Kobold Enchanter)                Turns: 6853, Time: 00:26:11

Health: -4/36      AC:  4    Str:  8    XL:     7   Next: 83%
Magic:  0/10       EV: 15    Int: 16    God:
Gold:   152        SH:  0    Dex: 17    Spells: 1/10 levels left

rFire    . . .     SeeInvis .   a - +2 dagger
rCold    . . .     Gourm    .   m - +0 robe
rNeg     . . .     Faith    .   (shield restricted)
rPois    .         Spirit   .   p - +0 helmet
rElec    .         Reflect  .   (no cloak)
rCorr    .         Harm     .   l - +0 pair of gloves
MR       .....                  (no boots)
Stlth    +.........             i - amulet of inaccuracy (curse)
Regen    0.2/turn               (no ring)
MPRegen  0.2/turn               h - +2 ring of dexterity

@: confused
A: carnivore 3
a: no special abilities


You were on level 4 of the Dungeon.
You were completely stuffed.

You visited 1 branch of the dungeon, and saw 5 of its levels.
You also visited: Sewer.

You collected 152 gold pieces.

Inventory:

Hand Weapons
 a - a +2 dagger (weapon)
 b - a +0 hunting sling
 f - a +0 hunting sling
 q - a +0 short sword
 s - a +0 quarterstaff
 v - a +0 falchion
Missiles
 k - 18 bolts
 o - 29 sling bullets
 r - 5 tomahawks (quivered)
 Z - 66 stones
Armour
 l - a +0 pair of gloves (worn)
 m - a +0 robe (worn)
 p - a +0 helmet (worn)
 w - a +0 ring mail
Jewellery
 h - a +2 ring of dexterity (left hand)
 i - a cursed amulet of inaccuracy (around neck)
Scrolls
 g - a scroll of fog
Potions
 e - 3 potions of cancellation {!q}
 j - a potion of flight
 t - a potion of heal wounds {unknown}
 u - a potion of magic {unknown}
Books
 c - a book of Maledictions
Comestibles
 d - 4 meat rations {!e}
 n - 3 royal jellies


   Skills:
 + Level 7.2 Short Blades
 - Level 2.4 Dodging
 - Level 4.0 Stealth
 - Level 2.1 Spellcasting
 + Level 6.4 Hexes


You had one spell level left.
You knew the following spells:

 Your Spells              Type           Power        Failure   Level  Hunger
a - Corona                Hex            ###....      1%          1    #......
b - Ensorcelled Hibernat  Hex/Ice        ##....       10%         2    ###....
c - Confuse               Hex            ###.....     4%          3    ###....
d - Tukima's Dance        Hex            ###.....     4%          3    ###....


Dungeon Overview and Level Annotations

Branches:
Dungeon (5/15)
 Temple: D:4-7

Altars:


Innate Abilities, Weirdness & Mutations

You are small and have problems with some larger weapons.
You are carnivorous and can eat meat at any time.


Message History

You hit the orc wizard.
The orc wizard is heavily wounded.
The orc wizard stops glowing and disappears.
Something barely misses you.
You barely miss something. You hit something but do no damage.
Something hits you.
* * * LOW HITPOINT WARNING * * *
Damage: 1 (max 10)
Casting: Confuse
Confirm with . or Enter, or press ? or * to list all spells.
You can't see any susceptible monsters within range! (Use Z to cast anyway.)
Casting: Confuse
Confirm with . or Enter, or press ? or * to list all spells.
Aiming: Corona
Press: ? - help, Shift-Dir - straight line The orc wizard is outlined in light.
The orc wizard gestures at you while chanting.
You resist with some effort.
You closely miss the orc wizard.
The orc wizard is heavily wounded.
The orc wizard closely misses you.
You completely miss the orc wizard.
The orc wizard is heavily wounded.
You hit the orc wizard.
The orc wizard is severely wounded.
The orc wizard casts a spell at you. The magic dart hits you!
* * * LOW HITPOINT WARNING * * *
Damage: 5 (max 10)
You hit the orc wizard but do no damage.
The orc wizard is severely wounded.
The orc wizard points at you and mumbles some strange words.
You are confused.
You hit the orc wizard.
The orc wizard is almost dead.
The orc wizard stops glowing and disappears.
You miss something.
You hear some strange, mumbled words.
A magic dart appears from out of thin air!
The magic dart hits you!
* * * LOW HITPOINT WARNING * * *
Damage: 5 (max 5)
You bump into the rock wall.
You hear some strange, mumbled words.
Something tries to affect you, but you resist.
You bump into the rock wall.
You hear some strange, mumbled words.
A magic dart appears from out of thin air!
The magic dart hits you!
You die...

#.#......# #.##..#..#.# ##.####
###.#......###.##..#..#.# #..#...
............##.##.....#.###.#....
###................#.##.#........
.............#.##.....#.#.#....##
...........#.#.......z#.#.####.##
..............####.##.#.#.####.##
......#####.#.####.##%#.........#
......#####....{@..##.#.#.#######
.[....'............##.#.#[# #
......###..........##.#.#.# #
...................##.#.#.# #
.#.................##%..#.# #
.#..........#...##.####.#.# #
##........####..##.# #.#.#######
..........# #..##.# #.#)##.....
..........# ##..#.# #.#.##.####


There were no monsters in sight!

Vanquished Creatures
  A big kobold (Sewer)
  A scorpion (D:4)
  3 wights
  4 hounds
  A bullfrog skeleton (D:5)
  4 worker ants (D:5)
  4 adders
  A howler monkey skeleton (D:4)
  A river rat (Sewer)
  An ooze (D:4)
  An adder skeleton (D:4)
  2 worms
  2 dart slugs
  3 leopard geckos
  9 orcs
  3 ball pythons
  5 bats
  4 giant cockroaches
  12 goblins
  6 hobgoblins
  12 jackals
  12 kobolds
  2 quokkas (D:3)
  6 frilled lizards
  15 rats
115 creatures vanquished.

Vanquished Creatures (others)
  A leopard gecko (D:1)
1 creature vanquished.

Grand Total: 116 creatures vanquished

Notes
Turn   | Place    | Note
-------+----------+-------------------------------------------
     0 | D:1      | Gorice the Kobold Enchanter began the quest for the Orb.
     0 | D:1      | Reached XP level 1. HP: 10/10 MP: 3/3
   270 | D:1      | Reached XP level 2. HP: 12/15 MP: 1/5
   278 | D:1      | Learned a level 2 spell: Ensorcelled Hibernation
   346 | D:1      | Reached skill level 2 in Short Blades
   817 | D:1      | Reached XP level 3. HP: 19/19 MP: 1/6
   867 | D:1      | Learned a level 3 spell: Confuse
  1405 | D:2      | Reached skill level 4 in Hexes
  1473 | D:2      | Reached skill level 3 in Short Blades
  1480 | D:2      | Reached XP level 4. HP: 16/24 MP: 0/7
  2619 | D:3      | Reached XP level 5. HP: 20/28 MP: 0/8
  3047 | D:3      | Reached skill level 4 in Short Blades
  3834 | D:4      | Reached skill level 5 in Hexes
  3960 | D:4      | Reached XP level 6. HP: 20/32 MP: 5/9
  4004 | D:4      | Reached skill level 5 in Short Blades
  4248 | D:4      | Found a glowing drain.
  4253 | Sewer    | Entered a sewer
  4630 | Sewer    | Found a white marble altar of Elyvilon.
  4716 | D:4      | Reached skill level 6 in Short Blades
  4716 | D:4      | Reached XP level 7. HP: 24/36 MP: 1/10
  5433 | D:3      | Reached skill level 6 in Hexes
  5778 | D:4      | Learned a level 3 spell: Tukima's Dance
  5934 | D:5      | Entered Level 5 of the Dungeon
  6367 | D:5      | HP: 9/36 [hound (3)]
  6372 | D:5      | Reached skill level 7 in Short Blades
  6373 | D:5      | HP: 4/36 [worker ant (4)]
  6847 | D:4      | HP: 8/36 [orc wizard/magic dart (5)]
  6851 | D:4      | HP: 3/36 [something/magic dart (5)]
  6853 | D:4      | Killed from afar by an orc wizard

Vault maps used:
D:1:      zelgadis_glass_arrival_small, lemuel_old_faithful
D:3:      serial_co_window_serial, co_window_corner_a, co_window_corner_a,
          co_window_of_opportunity_a, co_window_paths_a,
          co_window_of_opportunity_a, co_window_2corner, co_window_broadway_c,
          co_window_corner_b, co_window_sun, glass_columns_c,
          hangedman_decor_riveting
D:4:      lightli_sewer_entry_pipes, uniq_pikel
D:5:      kennysheep_mini_moat, first_bread, grunt_decor_cap,
          corexii_item_surrounded_by_moat
Sewer:    sewer_kobolds

Skill      XL: |  1  2  3  4  5  6  7 |
---------------+----------------------+-----
Short Blades   | 2 3 4 6 7 |  7.2
Hexes          | 4 5 6 |  6.4
Dodging        | |  2.4
Stealth        | |  4.0
Spellcasting   | |  2.1

Action                   |  1- 3 |  4- 6 |  7- 9 || total
-------------------------+-------+-------+-------++-------
Melee: Dagger            |    89 |   179 |    90 ||   358
 Fire: Hunting sling     |       |     9 |       ||     9
Throw: Tomahawk          |       |     3 |       ||     3
 Cast: Corona            |    21 |    28 |     6 ||    55
       Ensorcelled Hiber |    10 |    46 |    21 ||    77
       Confuse           |       |     9 |    16 ||    25
  Use: Scroll            |     4 |     5 |       ||     9
       Potion            |       |       |     3 ||     3
 Stab: Sleeping          |    13 |    35 |     6 ||    54
       Distracted        |       |     1 |       ||     1
       Confused          |       |     2 |     3 ||     5
  Eat: Chunk             |    10 |    13 |    14 ||    37
Armor: Robe              |    15 |    30 |     6 ||    51
Dodge: Dodged            |    86 |   123 |    70 ||   279

Table legend:
 A = Turns spent in this place as a percentage of turns spent in the entire game.
 B = Non-inter-level travel turns spent in this place as a percentage of non-inter-level travel turns spent in the entire game.
 C = Inter-level travel turns spent in this place as a percentage of turns spent in this place.
 D = Turns resting spent in this place as a percentage of non-inter-level travel turns spent in this place.
 E = Turns spent auto-exploring this place as a percentage of non-inter-level travel turns spent in this place.
 F = Non-inter-level travel turns spent in this place divided by the number of levels of this place that you've seen.
                   A       B       C       D       E      F
               +-------+-------+-------+-------+-------+----------------------
         Total | 100.0 | 100.0 |   0.5 |   5.4 |   3.6 | 395.7
       Dungeon |  91.7 |  91.7 |   0.5 |   5.5 |   3.9 | 435.4
         Sewer |   8.3 |   8.3 |   0.0 |   4.6 |   0.5 | 197.0
               +-------+-------+-------+-------+-------+----------------------

Vault maps used:
D:1:      zelgadis_glass_arrival_small, lemuel_old_faithful
D:3:      serial_co_window_serial, co_window_corner_a, co_window_corner_a,
          co_window_of_opportunity_a, co_window_paths_a,
          co_window_of_opportunity_a, co_window_2corner, co_window_broadway_c,
          co_window_corner_b, co_window_sun, glass_columns_c,
          hangedman_decor_riveting
D:4:      lightli_sewer_entry_pipes, uniq_pikel
D:5:      kennysheep_mini_moat, first_bread, grunt_decor_cap,
          corexii_item_surrounded_by_moat
Sewer:    sewer_kobolds
